 Dungeon Sprint DCSS version 0.20.1-1-g8b1a95d (console) character file.

5337 hilaritas the Peltast (level 10, -7/103 HPs)
             Began as a Deep Dwarf Fighter on Mar 12, 2018.
             Was an Elder of Makhleb.
             Mangled by a balrug
             ... wielding a +1 demon whip of draining
             ... summoned by the player character
              (8 damage)
             ... in the Dungeon (Sprint IX: "|||||||||||||||||||||||||||||").
             The game lasted 00:05:29 (530 turns).

hilaritas the Peltast (Deep Dwarf Fighter)           Turns: 530, Time: 00:05:30

Health: -7/103     AC: 19    Str: 23    XL:     10   Next: 38%
Magic:  9/20       EV:  9    Int:  9    God:    Makhleb [****..]
Gold:   30         SH: 14    Dex: 12    Spells: 9/9 levels left

rFire    . . .     SeeInvis .   q - +2 rapier (venom)
rCold    . . .     Gourm    .   c - +0 shield
rNeg     . . .     Faith    .   w - +0 plate armour
rPois    .         Spirit   .   (no helmet)
rElec    .         Reflect  .   s - +0 cloak
rCorr    .         Harm     .   t - +0 pair of gloves
MR       +....     NoTele   +   (no boots)
Stlth    ..........             (no amulet)
Regen    0.0/turn               b - +2 ring of protection
MPRegen  0.2/turn               v - +2 ring of evasion

@: non-regenerating, hasted, very quick
A: damage resistance, heal wounds, sense surroundings 2, no regeneration
a: Heal Wounds, Minor Destruction, Lesser Servant of Makhleb, Major Destruction,
Renounce Religion


You were in the Dungeon.
You worshipped Makhleb.
Makhleb was greatly pleased with you.
You were not hungry.

You visited 1 branch You collected 30 gold pieces.

Inventory:

Hand Weapons
 a - a +0 long sword
 q - a +2 rapier of venom (weapon)
 r - a +2 antimagic scimitar
Armour
 c - a +0 shield (worn)
 s - a +0 cloak (worn)
 t - a +0 pair of gloves (worn)
 w - a +0 plate armour (worn)
Jewellery
 b - a +2 ring of protection (left hand)
 v - a +2 ring of evasion (right hand)
Wands
 p - a wand of acid (7/15)
Scrolls
 k - 2 scrolls of blinking
 n - 4 scrolls of remove curse
 o - 2 scrolls of amnesia
 y - 2 scrolls of fear
 z - 4 scrolls of enchant armour
Potions
 d - a potion of agility
 e - 5 potions of curing
 g - 4 potions of heal wounds
 i - 4 potions of magic
 j - a potion of berserk rage
 l - a potion of mutation
 m - a potion of invisibility
 u - a potion of brilliance
Comestibles
 f - a bread ration
 x - a royal jelly
 A - 3 chunks of flesh


   Skills:
 - Level 10.6 Fighting
 - Level 10.4 Long Blades
 * Level 10.3 Armour
 + Level 15.0 Shields
 * Level 13.8 Invocations


You had 9 spell levels left.
You didn't know any spells.

Dungeon Overview and Level Annotations

Branches:
Dungeon (1/1)

Altars:
Cheibriados
Dithmenos
Elyvilon
Fedhas
Gozag
Hepliaklqana
Kikubaaqudgha
Makhleb
Nemelex Xobeh
Okawaru
Qazlal
Ru
Sif Muna
Trog
Uskayaw
Vehumet
Xom
Yredelemnul
Zin
The Shining One
Beogh
Jiyva
Lugonu


Innate Abilities, Weirdness & Mutations

You are resistant to damage.
You can heal yourself by infusing magical energy.
You passively map the area around you.
You do not regenerate.


Message History

* * * LOW HITPOINT WARNING * * *
The seven-headed hydra bites you but does no damage.
The seven-headed hydra bites you.
The seven-headed hydra bites you but does no damage.
You block the seven-headed hydra's attack.
The seven-headed hydra barely misses you.
You hit the seven-headed hydra.
The seven-headed hydra is lightly wounded.
You puncture the seven-headed hydra!
The seven-headed hydra is moderately wounded.
The seven-headed hydra bites you!
* * * LOW HITPOINT WARNING * * *
The seven-headed hydra bites you but does no damage.
You block the seven-headed hydra's attack. x2
The seven-headed hydra bites you but does no damage.
The seven-headed hydra bites you.
* * * LOW HITPOINT WARNING * * *
The seven-headed hydra barely misses you.
The balrug hits you with a demon whip of draining!
You die...

▓_▓.▓ *,
* ▓_▓.▓ ,
*,
▓_▓.▓.▓ *
, ▓.▓.▓r▓
* ,
▓_▓.▓Y▓ *
▓_▓.▓F▓
*, , *,
▓_▓.▓F▓
▓_▓.▓l▓ *
, ▓_▓.▓D▓
,* * ,
▓_▓.▓D▓,
, ,
▓_▓.▓@▓ *
* * * *
▓_▓.▓2▓,
* * *, ,
▓_▓.▓.▓ ,
, ▓_▓.▓.▓
* *
▓_▓.▓.▓,
, ,* *,
▓_▓.▓.▓
*, ,
▓_▓.▓.▓ ,
,* *
▓_▓.▓†▓ *
*
▓_▓.▓†▓,*
, * *
▓_▓.▓.▓,
, ,
▓_▓.▓.▓ ,


You could see a balrug, a seven-headed hydra, a six-headed hydra, a yak, a spiny
frog, a wyvern, a bullfrog and a porcupine (wandering).

Vanquished Creatures
  A hydra (D)
  A centaur warrior (D)
  2 two-headed ogres (D)
  2 cyclopes (D)
  2 spiny frogs (D)
  2 komodo dragons (D)
  A yak (D)
  A vampire mosquito (D)
  A porcupine (D)
  A sky beast (D)
  A black bear (D)
  An ice beast (D)
  A necrophage (D)
  An orc warrior (D)
  A crocodile (D)
  2 bullfrogs (D)
  A wight (D)
  A howler monkey (D)
  A crimson imp (D)
  An adder (D)
  An ooze (D)
  A dart slug (D)
  A leopard gecko (D)
  A giant cockroach (D)
  A kobold (D)
  A leopard gecko skeleton (D)
  A rat (D)
32 creatures vanquished.

Notes
Turn   | Place    | Note
-------+----------+-------------------------------------------
     0 | D        | hilaritas the Deep Dwarf Fighter began the quest for the Orb.
     0 | D        | Reached XP level 1. HP: 20/20 MP: 1/1
    12 | D        | Reached skill level 4 in Shields
    27 | D        | Noticed a sky beast
    27 | D        | Noticed an ice beast
    28 | D        | Reached XP level 2. HP: 26/28 MP: 2/2
    34 | D        | Killed an ice beast
    34 | D        | Reached skill level 5 in Shields
    34 | D        | Reached XP level 3. HP: 21/38 MP: 3/3
    34 | D        | Reached XP level 4. HP: 25/45 MP: 4/4
    38 | D        | Reached skill level 5 in Fighting
    41 | D        | Reached skill level 6 in Shields
    55 | D        | Killed a sky beast
    55 | D        | Reached XP level 5. HP: 16/55 MP: 5/5
    64 | D        | Found a roughly hewn altar of Beogh.
    64 | D        | Found a snail-covered altar of Cheibriados.
    64 | D        | Found a shadowy altar of Dithmenos.
    64 | D        | Found a white marble altar of Elyvilon.
    64 | D        | Found a blossoming altar of Fedhas.
    64 | D        | Found an opulent altar of Gozag.
    65 | D        | Found a hazy altar of Hepliaklqana.
    66 | D        | Found a viscous altar of Jiyva.
    67 | D        | Found an ancient bone altar of Kikubaaqudgha.
    68 | D        | Found a corrupted altar of Lugonu.
    69 | D        | Found a burning altar of Makhleb.
    70 | D        | Found a sparkling altar of Nemelex Xobeh.
    71 | D        | Found an iron altar of Okawaru.
    72 | D        | Found a stormy altar of Qazlal.
    73 | D        | Found a sacrificial altar of Ru.
    74 | D        | Found a deep blue altar of Sif Muna.
    75 | D        | Found a bloodstained altar of Trog.
    76 | D        | Found a hide-covered altar of Uskayaw.
    77 | D        | Became a worshipper of Makhleb the Destroyer
    79 | D        | Found a radiant altar of Vehumet.
    81 | D        | Found a shimmering altar of Xom.
    82 | D        | Found a basalt altar of Yredelemnul.
    83 | D        | Found a glowing silver altar of Zin.
    84 | D        | Found a glowing golden altar of the Shining One.
   102 | D        | Got the +2 morningstar "Iplaus" {crush, +Inv rPois rF+ Dex-5}
   140 | D        | Noticed a necrophage
   140 | D        | Noticed a black bear
   140 | D        | Noticed an orc warrior
   151 | D        | Killed an orc warrior
   151 | D        | Reached skill level 7 in Shields
   151 | D        | Reached XP level 6. HP: 31/62 MP: 1/7
   159 | D        | Reached skill level 10 in Long Blades
   162 | D        | Reached * piety under Makhleb
   171 | D        | Reached skill level 8 in Shields
   171 | D        | Reached skill level 5 in Invocations
   174 | D        | Reached XP level 7. HP: 30/72 MP: 2/11
   177 | D        | Reached ** piety under Makhleb
   202 | D        | Noticed a cyclops
   202 | D        | Noticed a centaur warrior
   202 | D        | Noticed a cyclops
   202 | D        | Noticed a vampire mosquito
   202 | D        | Noticed a two-headed ogre
   202 | D        | Noticed a two-headed ogre
   211 | D        | Killed a two-headed ogre
   211 | D        | Reached skill level 10 in Shields
   211 | D        | Reached XP level 8. HP: 31/85 MP: 3/14
   216 | D        | Killed a two-headed ogre
   216 | D        | Reached skill level 10 in Fighting
   216 | D        | Reached skill level 11 in Shields
   216 | D        | Reached skill level 10 in Invocations
   224 | D        | Killed a cyclops
   224 | D        | Reached *** piety under Makhleb
   224 | D        | Reached skill level 5 in Armour
   224 | D        | Reached skill level 12 in Shields
   224 | D        | Gained mutation: You passively map the area around you. [Deep Dwarf growth]
   224 | D        | Reached XP level 9. HP: 56/94 MP: 4/17
   233 | D        | Killed a centaur warrior
   238 | D        | Killed a cyclops
   238 | D        | Reached skill level 13 in Shields
   393 | D        | Noticed a spiny frog
   393 | D        | Noticed a komodo dragon
   395 | D        | Noticed a spiny frog
   396 | D        | Reached **** piety under Makhleb
   409 | D        | Noticed a komodo dragon
   431 | D        | Killed a komodo dragon
   431 | D        | Reached XP level 10. HP: 87/103 MP: 6/19
   436 | D        | Killed a spiny frog
   436 | D        | Reached ***** piety under Makhleb
   436 | D        | Reached skill level 14 in Shields
   443 | D        | Killed a spiny frog
   499 | D        | Noticed a six-headed hydra
   499 | D        | Noticed a spiny frog
   499 | D        | Noticed a seven-headed hydra
   499 | D        | Noticed a seven-headed hydra
   525 | D        | Noticed a balrug
   526 | D        | Killed a seven-headed hydra
   526 | D        | Reached skill level 10 in Armour
   526 | D        | Reached skill level 15 in Shields
   530 | D        | HP: 3/103 [seven-headed hydra (8)]
   530 | D        | HP: 1/103 [seven-headed hydra (2)]
   530 | D        | Mangled by a balrug

Skill      XL: |  1  2  3  4  5  6  7  8  9 10 |
---------------+-------------------------------+-----
Fighting       | 3 4 5 6 7 9 10 | 10.6
Shields        | 4 5 6 7 8 10 12 13 15 | 15.0
Long Blades    | 3 6 8 9 10 | 10.4
Invocations    | 2 5 8 11 12 13 | 13.8
Armour         | 5 9 10 | 10.3

Action                   |  1- 3 |  4- 6 |  7- 9 | 10-12 || total
-------------------------+-------+-------+-------+-------++-------
Melee: Long sword        |    22 |    21 |       |       ||    43
       Scimitar          |       |    32 |    70 |    26 ||   128
       Rapier            |       |       |       |    19 ||    19
Invok: Minor Destruction |       |       |       |     1 ||     1
       Lesser Servant of |       |       |       |     1 ||     1
       Greater Servant o |       |       |       |     1 ||     1
 Abil: Heal Wounds       |       |     1 |     1 |     2 ||     4
  Use: Potion            |       |     1 |     2 |     1 ||     4
Armor: Scale mail        |     4 |     7 |       |       ||    11
       Chain mail        |       |    15 |       |       ||    15
       Plate armour      |       |       |    16 |    35 ||    51
Dodge: Dodged            |     6 |    19 |    15 |    25 ||    65
Block: Shield            |    13 |    29 |    35 |    40 ||   117
       Rpst.: Long sword |     5 |     1 |       |       ||     6
       Scimitar          |       |     4 |     6 |     2 ||    12
